Workbook

Sheet B.Recherche
A1: ANNEXE B | B1: #VALUE!
A2: Tableau budgétaire pour les bourses de recherche
A3: Programmes: Fond de démarrage en recherche communautaire, Fond d'expédition, Bourse postdoctorale, Système intégré d’observation des océans du Canada, Faire progresser la recherche sur l’alcalinisation des océans et des rivières au Canada
A4: Instructions
A5: Indiquez seulement le montant du financement demandé au réseau MEOPAR/CtSC, et non le financement total du projet.
A6: Titre du projet :
A7: Chercheuse ou chercheur principal :
A8: Établissement :
A9: Durée du projet :
A10: Du :
A11: Au :
B13: FY 2026/2027 | C13: AF 2027/2028 | D13: AF 2028/2029
A14: Catégorie | B14: 2026-04-01 to 2027-03-31 | C14: 2027-04-01 au 2028-03-31 | D14: 2028-04-01 au 2029-03-31 | E14: Sous-total
A15: A. Coûts du personnel
A16: Membres du personnel | E16: =SUM(B16:D16) -> 0
A17: Personnes techniciennes | E17: =SUM(B17:D17) -> 0
A18: Boursières et boursiers postdoctoraux | E18: =SUM(B18:D18) -> 0
A19: Personnes étudiantes au doctorat | E19: =SUM(B19:D19) -> 0
A20: Personnes étudiantes à la maîtrise | E20: =SUM(B20:D20) -> 0
A21: Autres : (préciser) | E21: =SUM(B21:D21) -> 0
A23: Sous-total | B23: =SUM(B16:B21) -> 0 | C23: =SUM(C16:C21) -> 0 | D23: =SUM(D16:D21) -> 0 | E23: =SUM(E16:E21) -> 0
A24: B. Coûts directs
A25: Opérations des établissements de recherche de base | E25: =SUM(B25:D25) -> 0
A26: Équipement | E26: =SUM(B26:D26) -> 0
A27: Coûts directs liés à la création de connaissances | E27: =SUM(B27:D27) -> 0
A28: Services professionnels et techniques | E28: =SUM(B28:D28) -> 0
A29: Matériel et fournitures | E29: =SUM(B29:D29) -> 0
A30: Déplacements liés à la recherche | E30: =SUM(B30:D30) -> 0
A31: Accueil lié à la recherche | E31: =SUM(B31:D31) -> 0
A32: Coûts de publication / diffusion | E32: =SUM(B32:D32) -> 0
A33: Autres : (préciser) | E33: =SUM(B33:D33) -> 0
A35: Sous-total | B35: =SUM(B25:B33) -> 0 | C35: =SUM(C25:C33) -> 0 | D35: =SUM(D25:D33) -> 0 | E35: =SUM(E25:E33) -> 0
A36: C. Coûts indirects
A37: Frais généraux justifiés (Utilisez l’onglet suivant pour effectuer ces calculs) | B37: ='B1. Coûts indirects'!N53 -> 0 | C37: ='B1. Coûts indirects'!D53 -> 0 | D37: ='B1. Coûts indirects'!G53 -> 0 | E37: =+SUM(B37:D37) -> 0
A38: Frais généraux % (≤ 15 % des coûts du projet) | B38: =IFERROR(B37/(B35+B23),0) -> 0 | C38: =IFERROR(C37/(C35+C23),0) -> 0 | D38: =IFERROR(D37/(D35+D23),0) -> 0 | E38: =IFERROR(E37/(E35+E23),0) -> 0
A39: Sous-total | B39: =B37 -> 0 | C39: =C37 -> 0 | D39: =D37 -> 0 | E39: =E37 -> 0
A40: Total des coûts (A+B+C) | B40: =B35+B23+B39 -> 0 | C40: =C35+C23+C39 -> 0 | D40: =D35+D23+D39 -> 0 | E40: =E35+E23+E39 -> 0
A43: NOTES
A44: A. Coûts du personnel
A45: - Salaires : Les coûts maximaux liés à la rémunération payés au moyen des fonds du réseau MEOPAR (y compris l'ensemble des salaires et tarifs facturés par les entrepreneur(-euse)s) ne peuvent pas être supérieurs aux taux de rémunération d'équivalent temps plein actuels des employé(e)s de la fonction publique pour des fonctions et classifications semblables (p. ex. : SE, Recherche scientifique, AS Services administratifs; CM Communications). Les bénéficiaires sont encouragé(e)s à utiliser la fonction « Recherche des archives » du site internet Emplois GC pour trouver des comparaisons appropriées.
A46: - Personnes techniciennes : Peut inclure une variété de rôles techniques au sein de votre organisation.
A47: B. Coûts directs
A48: - Les coûts d'équipement doivent être inférieurs à 250 000 dollars. Les coûts admissibles comprennent : les collections scientifiques; les coûts du matériel informatique ou des logiciels (sauf si l'ampleur des coûts relève du mandat de l'Alliance de recherche numérique du Canada); les bases de données d'information. Pour les articles de plus de 10 000 dollars, veuillez indiquer les détails dans la justification du budget.
A49: - Les coûts liés aux déplacements doivent être conformes à la Directive sur les voyages du Conseil national mixte.
A50: - Les frais d'accueil doivent être conformes aux normes énoncées à l'annexe B de la Directive sur les dépenses de voyages, d'accueil, de conférences et d'événements.
A51: - Services professionnels et techniques : Services contractuels. Exemples : experts communautaires, traductions linguistiques, œuvres d'art, conception graphique, etc.
A52: - Les autres articles doivent être détaillés dans la justification du budget.
A53: C. Coûts indirects
A54: - Frais généraux : Ce type de dépense est admissible à condition que le montant demandé soit calculé (à l'aide de l'onglet B1. Coûts indirects) et qu'il soit directement lié aux activités du projet. Bien qu'un maximum de 15 % du budget total du projet soit permis, le lien entre ces coûts indirects et le projet financé doit être clair (avec une justification écrite). En vertu des règlements du Fonds stratégique des sciences, les coûts indirects à taux fixe ne sont pas admissibles. Remarque : pour les établissements postsecondaires, le financement de MEOPAR n'entre pas dans le calcul du Fonds de soutien à la recherche.

Sheet B1. Coûts indirects
A1: ANNEXE B1 | I1: #VALUE!
A2: Table budgétaire de Justification des Coûts Indirects
A3: Programmes: Fond de démarrage en recherche communautaire, Fond d'expédition, Bourse postdoctorale, Système intégré d’observation des océans du Canada, Faire progresser la recherche sur l’alcalinisation des océans et des rivières au Canada
A4: Instructions
A5: Conformément à la réglementation du Fonds stratégique pour la science, les coûts indirects fixes ne sont pas autorisés. Bien qu’un pourcentage maximal de 15% du budget total du projet soit autorisé, le lien entre ces coûts indirects et le projet financé doit être clairement établi. L’annexe B1 est obligatoire ; elle sert d’outil destiné à faciliter les vérifications rapides de conformité pour le réseau MEOPAR et à assurer le bon déroulement des négociations relatives à l'Accord de bénéficiaire ultime, c'est-à-dire le contrat de financement. Remplissez les lignes correspondant aux dépenses indirectes prévues dans le cadre du projet proposé. Par exemple, les fonds pour lesquels les salaires ne constituent pas des dépenses éligibles ne doivent pas comporter d’éléments relevant de la rubrique « Ressources humaines », etc. | R5: Note: Guide du Programme FSS - Coûts admissibiles
A6: Titre du Projet : | B6: =B.Recherche!B6 -> 0
A7: Chercheuse ou chercheur principal : | B7: =B.Recherche!B8 -> 0
A8: Établissement :
A9: Durée du projet :
A10: Du : | B10: =B.Recherche!B10 -> 0
A11: Au : | B11: =B.Recherche!B11 -> 0
A13: Catégorie | B13: avril 1, 2027 - mars 31, 2028 AF | E13: avril 1, 2028 - mars 31, 2029 AF | H13: Sous-total AF27-28 et AF28-29 | L13: Fiscal Year 1: April 1, 2026 - March 31, 2027
B14: Montant demandé AF27-28 (l’annexe B: C23 + C35): | D14: =B.Recherche!C23+B.Recherche!C35 -> 0 | E14: Montant demandé AF28-29 (l’annexe B: D23 + D35): | G14: =B.Recherche!D23+B.Recherche!D35 -> 0 | I14: Utilisez les valeurs de l’annexe B (coûts de personnel et coûts directs seulement) | L14: Amount requested FY1 (App B: B22 + B33): | N14: =B.Recherche!B23+B.Recherche!B35 -> 0
B15: Taux horaire AF27-28 | C15: # heures AF27-28 | D15: Sous-total AF27-28 | E15: Taux horaire AF8-29 | F15: # heures AF28-29 | G15: Sous-total AF28-29 | I15: Lien avec le projet et remarques | J15: Directives | L15: Hourly Rate FY1 | M15: # of Hours FY1 | N15: FY1: 26-27
A16: A. Ressources Humaines
A17: Recrutement de nouveau personnel | D17: =C17*B17 -> 0 | G17: =F17*E17 -> 0 | H17: =SUM(N17,D17,G17) -> 0 | J17: Incluant la gestion des avantages sociaux. En l’absence de toute nouvelle embauche prévue, cette cellule doit être laissée vide. | N17: =M17*L17 -> 0
A18: Gestion de la paie | D18: =C18*B18 -> 0 | G18: =F18*E18 -> 0 | H18: =SUM(N18,D18,G18) -> 0 | J18: Si le fonds ne permet pas le paiement des salaires, cette cellule doit rester vide. | N18: =M18*L18 -> 0
A19: Autres (à clarifier dans les Notes) | D19: =C19*B19 -> 0 | G19: =F19*E19 -> 0 | H19: =SUM(N19,D19,G19) -> 0 | N19: =M19*L19 -> 0
A20: Sous-total A | D20: =SUM(D17:D19) -> 0 | G20: =SUM(G17:G19) -> 0 | H20: =SUM(H17:H19) -> 0 | N20: =SUM(N17:N19) -> 0
A21: B. Suivi financier
A22: Mise en place d'un suivi financier | D22: =B22*C22 -> 0 | G22: =E22*F22 -> 0 | H22: =SUM(N22,D22,G22) -> 0 | N22: =L22*M22 -> 0
A23: Suivi financier continu | D23: =B23*C23 -> 0 | G23: =E23*F23 -> 0 | H23: =SUM(N23,D23,G23) -> 0 | N23: =L23*M23 -> 0
A24: Rapports Annuels | D24: =B24*C24 -> 0 | G24: =E24*F24 -> 0 | H24: =SUM(N24,D24,G24) -> 0 | N24: =L24*M24 -> 0
A25: Audit, le cas échéant | D25: =B25*C25 -> 0 | G25: =E25*F25 -> 0 | H25: =SUM(N25,D25,G25) -> 0 | J25: En règle générale, le réseau MEOPAR n'exige pas d'audit, mais il se peut que votre établissement en exige un. Veuillez consulter le guide de candidature pour vous en assurer. | N25: =L25*M25 -> 0
A26: Autres (à clarifier dans les Notes) | D26: =B26*C26 -> 0 | G26: =E26*F26 -> 0 | H26: =SUM(N26,D26,G26) -> 0 | N26: =L26*M26 -> 0
A27: Sous-total B | D27: =SUM(D22:D26) -> 0 | G27: =SUM(G22:G26) -> 0 | H27: =SUM(H22:H26) -> 0 | N27: =SUM(N22:N26) -> 0
A28: C. Soutien aux activités du projet
A29: Supervision | D29: =B29*C29 -> 0 | G29: =E29*F29 -> 0 | H29: =SUM(N29,D29,G29) -> 0 | J29: par exemple : conformité, soutien aux projets : accompagnement, avancement et résultats | N29: =L29*M29 -> 0
A30: Paiement des factures | D30: =B30*C30 -> 0 | G30: =E30*F30 -> 0 | H30: =SUM(N30,D30,G30) -> 0 | J30: par exemple : les dépenses directes liées au projet qui ne concernent pas les déplacements | N30: =L30*M30 -> 0
A31: Contrats | D31: =B31*C31 -> 0 | G31: =E31*F31 -> 0 | H31: =SUM(N31,D31,G31) -> 0 | J31: par exemple : mise en place, vérification et paiement | N31: =L31*M31 -> 0
A32: Assistance aux déplacements | D32: =B32*C32 -> 0 | G32: =E32*F32 -> 0 | H32: =SUM(N32,D32,G32) -> 0 | J32: par exemple : réservation, remboursement | N32: =L32*M32 -> 0
A33: Assistance en matière d'accueil | D33: =B33*C33 -> 0 | G33: =E33*F33 -> 0 | H33: =SUM(N33,D33,G33) -> 0 | J33: par exemple : ateliers, service traiteur | N33: =L33*M33 -> 0
A34: Maintenance des équipements | D34: =B34*C34 -> 0 | G34: =E34*F34 -> 0 | H34: =SUM(N34,D34,G34) -> 0 | J34: par exemple : la gestion de l'utilisation en nature des instruments et des équipements de recherche | N34: =L34*M34 -> 0
A35: Autres (à clarifier dans les Notes) | D35: =B35*C35 -> 0 | G35: =E35*F35 -> 0 | H35: =SUM(N35,D35,G35) -> 0 | N35: =L35*M35 -> 0
A36: Sous-total C | D36: =SUM(D29:D35) -> 0 | G36: =SUM(G29:G35) -> 0 | H36: =SUM(H29:H35) -> 0 | N36: =SUM(N29:N35) -> 0
A37: D. Services institutionnels
A38: Bureaux/Salles de réunion | D38: =B39*B40*B41 -> 0 | G38: =E39*E40*E41 -> 0 | H38: =SUM(N38,D38,G38) -> 0 | J38: par exemple : loyer, assurance, entretien, charges, frais de fonctionnement | N38: =L39*L40*L41 -> 0
A39: Superficie de l'espace (en pieds carrés, environ) | J39: La couleur orange permet de distinguer les unités qui diffèrent de celles des titres de colonnes.
A40: Coût mensuel par pied carré (CAD)
A41: Durée d'utilisation annuelle (en mois liés au projet) | J41: Estimez pendant combien de temps par an cet espace sera utilisé pour contribuer à la réalisation des objectifs du projet. S'agit-il de 10 % par an ? Si oui, indiquez 1,2 mois.
A42: Communications | D42: =B42*C42 -> 0 | G42: =E42*F42 -> 0 | H42: =SUM(N42,D42,G42) -> 0 | J42: par exemple : diffusion d'informations, utilisation des réseaux existants | N42: =L42*M42 -> 0
A43: Assistance informatique | D43: =B43*C43 -> 0 | G43: =E43*F43 -> 0 | H43: =SUM(N43,D43,G43) -> 0 | J43: par exemple : intégration des nouveaux employés, infrastructure numérique et sécurité | N43: =L43*M43 -> 0
A44: Frais de licence numérique | H44: =SUM(N44,D44,G44) -> 0 | J44: Quelles licences de logiciels seront utilisées dans le cadre du projet ? Il n'est pas nécessaire d'indiquer le nombre d'heures ni le tarif horaire.
A45: Autres (à clarifier dans les Notes) | D45: =B45*C45 -> 0 | G45: =E45*F45 -> 0 | H45: =SUM(N45,D45,G45) -> 0 | N45: =L45*M45 -> 0
A46: Sous-total D | D46: =SUM(D38,D42:D45) -> 0 | G46: =SUM(G38,G42:G45) -> 0 | H46: =SUM(H38,H42:H45) -> 0 | N46: =SUM(N38,N42:N45) -> 0
A47: E. Assurance | H47: =SUM(N47,D47,G47) -> 0 | J47: par exemple : une responsabilité prise en charge par l'établissement. Il ne s'agit pas d'une dépense directe du projet ; dans le cas contraire, elle devrait figurer dans le budget du projet.
A49: F. Autres (à clarifier dans les Notes) | D49: =B49*C49 -> 0 | G49: =E49*F49 -> 0 | H49: =SUM(N49,D49,G49) -> 0 | N49: =L49*M49 -> 0
A51: Coûts Indirects Total : | D51: =SUM(D20,D27,D36,D46,D47,D49) -> 0 | G51: =SUM(G20,G27,G36,G46,G47,G49) -> 0 | H51: =SUM(H20,H27,H36,H46,H47,H49) -> 0 | J51: La somme des sous-totaux des coûts indirects A + B + C + D + E + F. | N51: =SUM(N20,N27,N36,N46,N47,N49) -> 0
A52: Coûts Indirect Total % : | D52: =IFERROR(D51/(D14),0) -> 0 | G52: =IFERROR(G51/(G14),0) -> 0 | H52: =IFERROR(H51/SUM(N14+D14+G14),0) -> 0 | J52: Le montant total des coûts indirects, exprimé en pourcentage des fonds demandés au MEOPAR. | N52: =IFERROR(N51/N14,0) -> 0
A53: Coûts Indirects demandés au Réseau MEOPAR / CtSC par AF: | B53: Max 15%: | C53: =0.15*D14 -> 0 | E53: Max 15%: | F53: =0.15*G14 -> 0 | H53: =SUM(N53,D53,G53) -> 0 | J53: Saisissez les coûts indirects demandés au MEOPAR / CtSC. Ce montant doit être inférieur ou égal au total des coûts indirects. | L53: Max 15%: | M53: =0.15*N14 -> 0
A54: Coûts Indirects demandés %: | D54: =IFERROR(D53/D14,0) -> 0 | G54: =IFERROR(G53/G14,0) -> 0 | H54: =IFERROR((H53/(SUM(N14,D14,G14))),0) -> 0 | J54: Ce pourcentage ne doit pas dépasser 15%, conformément aux exigences du FSS. | N54: =IFERROR(N53/N14,0) -> 0
A55: Coûts Indirects demandés %: | D55: =D51-D53 -> 0 | G55: =G51-G53 -> 0 | H55: =(H51-H53) -> 0 | J55: Si l'établissement fournit ces services sans recourir à des fonds fédéraux, il s'agit d'une contribution de contrepartie éligible qui doit être reportée à l'annexe C. | N55: =N51-N53 -> 0
A57: Justification supplémentaire / Remarques
